 Dungeon Crawl Stone Soup version 0.28.0-45-g0d030f2227 (webtiles) character file.

Game seed: 12334471638233670962

2452 NinjaNoafa the Skirmisher (level 9, 0/78 HPs)
             Began as a Green Draconian Berserker on Apr 10, 2022.
             Was an Elder of Trog.
             Slain by a large slime creature (13 damage)
             ... on level 7 of the Dungeon.
             The game lasted 00:16:16 (5313 turns).

NinjaNoafa the Skirmisher (DrBe)                    Turns: 5313, Time: 00:16:17

Health: 0/78       AC: 15    Str: 22    XL:     9   Next: 25%
Magic:  9/9        EV: 14    Int:  8    God:    Trog [****..]
Gold:   291        SH:  0    Dex: 12    Spells: 8/8 levels left

rFire   . . .      SeeInvis .   n - +3 mace
rCold   . . .      Faith    +   (no shield)
rNeg    + . .      Spirit   .   (armour unavailable)
rPois   +          Reflect  .   j - +2 hat
rElec   .          Harm     .   l - +1 cloak
rCorr   .          Rampage  .   (no gloves)
Will    .....                   (no boots)
Stlth   +++.......              v - amulet of faith
HPRegen 1.03/turn               s - +4 ring of protection
MPRegen 0.11/turn               A - ring of positive energy

@: mighty, on berserk cooldown
A: breathe noxious fumes, AC +7, unfitting armour, poison resistance,
cold-blooded, regeneration 1
a: Breathe Noxious Fumes, Renounce Religion, Berserk, Trog's Hand, Brothers in
Arms


You were on level 7 of the Dungeon.
You worshipped Trog.
Trog was greatly pleased with you.
You visited 1 branch of the dungeon, and saw 7 of its levels.

You collected 291 gold pieces.

Inventory:

Hand Weapons
 a - a +0 falchion
 b - a +3 quarterstaff of chaos
 h - a +0 short sword
 m - a +1 mace of protection
 n - a +3 mace (weapon)
 o - a +1 dagger of electrocution
 B - a +1 whip of electrocution
Missiles
 c - 22 poisoned darts (quivered)
 q - 2 javelins
Armour
 j - a +2 hat (worn)
 l - a +1 cloak (worn)
Jewellery
 p - an amulet of guardian spirit
 r - a ring of wizardry
 s - a +4 ring of protection (left hand)
 t - a ring of magical power
 v - an amulet of faith (around neck)
 A - a ring of positive energy (right hand)
Wands
 y - a wand of paralysis (9)
 D - a wand of flame (26)
Scrolls
 f - 2 scrolls of immolation
 g - 2 scrolls of noise
 i - 2 scrolls of amnesia
 u - a scroll of fear
Potions
 d - 2 potions of flight
 e - 3 potions of degeneration
 k - a potion of berserk rage
 w - a potion of invisibility {unknown}
 x - 2 potions of mutation
 z - a potion of attraction


   Skills:
 + Level 6.8 Fighting
 - Level 0.9(2.1) Short Blades
 - Level 3.0(3.1) Long Blades
 + Level 5.2(5.4) Maces & Flails
 - Level 2.1(4.0) Staves
 - Level 3.2 Throwing
 + Level 5.6 Dodging
 + Level 5.7 Stealth
 + Level 2.9 Evocations


You had 8 spell levels left.
You didn't know any spells.
Your spell library was empty.

Dungeon Overview and Level Annotations

Branches:
Dungeon (7/15)             Temple (0/1) D:4

Altars:
Elyvilon
Kikubaaqudgha


Innate Abilities, Weirdness & Mutations

You can breathe blasts of noxious fumes.
Your lurid green scales are hard. (AC +7)
You cannot fit into any form of body armour.
Your system is resistant to poisons. (rPois)
You are cold-blooded and may be slowed by cold attacks.
Your natural rate of healing is unusually fast.


Message History

You hit the large slime creature.
The large slime creature is lightly wounded.
The large slime creature closely misses you.
You sock the large slime creature!
Your tail-slap misses the large slime creature.
The large slime creature is lightly wounded.
You thump the large slime creature! You punch the large slime creature!
The large slime creature is moderately wounded.
You see a puff of smoke.
The large slime creature hits you!!
You sock the large slime creature!
The large slime creature is heavily wounded.
You are no longer berserk.
You are exhausted.
You feel yourself slow down.
You see a puff of smoke.
The large slime creature misses you.
You thump the large slime creature! You tail-slap the large slime creature.
The large slime creature is heavily wounded.
The large slime creature misses you. The large slime creature hits you!
* * * LOW HITPOINT WARNING * * *
You see a puff of smoke.
The large slime creature hits you but does no damage.
As you read the scroll of fear, it crumbles to dust.
You assume a fearsome visage.
The slime creature looks frightened!
The large slime creature looks frightened!
The slime creature looks frightened!
It was a potion of cancellation.
Your magical effects are unravelling.
You feel magically purged.
You feel yourself speed up.
Cornered, the slime creature turns to fight!
It was a potion of might.
You feel very mighty all of a sudden.
The slime creature seems to regain its courage.
Okay, then.
The large slime creature seems to regain its courage.
A bullfrog skeleton comes into view.
The large slime creature hits you!!
* * * LOW HITPOINT WARNING * * *
You feel better.
You see a puff of smoke.
The large slime creature hits you!
You die...

##.........≈..§.
..<#####.≈≈§≈≈≈≈§≈§###..
.....###.≈§..§.≈........
.....#...≈.§§≈.§.≈§§.Z..
.....#...§.§§.J≈.§.....
.....#...≈.≈≈≈≈≈.≈§§>.
.....#...≈.....J.≈.#
.....#.§§≈≈≈≈≈≈≈≈≈.#
.....#..§.......@J.#
.....#...........###
####'########
#########.# ......'.#.#
......'.### ......'.###
#######.#.## #..".#


You could see a large slime creature, 2 slime creatures and a bullfrog skeleton.

Vanquished Creatures
  2 slime creatures (D:7)
  An acid dragon (D:7)
  An ice beast (D:6)
  2 sky beasts
  A necrophage (D:6)
  3 ogres
  3 centaurs
  A phantom (D:5)
  2 kobold brigands
  Blork the orc (D:4)
  A scorpion (D:6)
  A water moccasin skeleton (D:4)
  3 centaur zombies
  2 hounds (D:5)
  A jelly (D:6)
  Crazy Yiuf (D:2)
  A bullfrog skeleton (D:4)
  An orc priest (D:3)
  An iguana (D:5)
  Ijyb (D:4)
  2 orc wizards (D:3)
  A hound skeleton (D:4)
  15 adders
  8 gnolls
  A river rat (D:6)
  A white imp (D:6)
  An ufetubus (D:6)
  2 worms (D:2)
  2 dart slugs
  14 orcs
  6 endoplasms
  8 giant cockroaches
  8 goblins
  7 hobgoblins
  19 kobolds
  3 quokkas
  12 ball pythons
  6 bats
  4 frilled lizards
  6 rats
156 creatures vanquished.

Notes
Turn   | Place    | Note
-------+----------+-------------------------------------------
     0 | D:1      | NinjaNoafa the Draconian Berserker began the quest for the
                  | Orb.
     0 | D:1      | Reached XP level 1. HP: 19/19 MP: 1/1
   107 | D:1      | Reached skill level 1 in Stealth
   109 | D:1      | Reached XP level 2. HP: 21/26 MP: 2/2
   792 | D:1      | Reached XP level 3. HP: 33/33 MP: 3/3
   837 | D:1      | Found a faded altar of an unknown god.
  1200 | D:2      | Gained mutation: Your natural rate of healing is unusually
                  | fast. [potion of mutation]
  1217 | D:2      | Reached ** piety under Trog
  1365 | D:2      | Reached XP level 4. HP: 40/40 MP: 4/4
  1477 | D:2      | Reached skill level 4 in Fighting
  1711 | D:2      | Found a runed translucent door.
  1712 | D:2      | Noticed Crazy Yiuf
  1719 | D:2      | Killed Crazy Yiuf
  1720 | D:2      | Reached XP level 5. HP: 46/46 MP: 5/5
  2053 | D:3      | Reached skill level 1 in Staves
  2119 | D:3      | Reached XP level 6. HP: 20/53 MP: 6/6
  2243 | D:3      | Reached *** piety under Trog
  2720 | D:4      | Found a staircase to the Ecumenical Temple.
  2784 | D:4      | Noticed Ijyb
  2795 | D:4      | Killed Ijyb
  2934 | D:4      | Reached skill level 1 in Maces & Flails
  3127 | D:4      | Noticed Blork the orc
  3140 | D:4      | Killed Blork the orc
  3141 | D:4      | Reached skill level 5 in Fighting
  3141 | D:4      | Your scales start taking on a lurid green colour.
  3141 | D:4      | Reached XP level 7. HP: 52/61 MP: 7/7
  3141 | D:4      | Gained mutation: Your system is resistant to poisons.
                  | (rPois) [Green Draconian growth]
  3364 | D:5      | Entered Level 5 of the Dungeon
  3534 | D:5      | Reached **** piety under Trog
  3757 | D:5      | Reached XP level 8. HP: 35/70 MP: 8/8
  4167 | D:6      | Reached skill level 1 in Throwing
  4179 | D:6      | Reached skill level 6 in Fighting
  4205 | D:6      | Reached skill level 5 in Dodging
  4205 | D:6      | Reached skill level 1 in Evocations
  4253 | D:6      | Reached skill level 5 in Stealth
  4523 | D:6      | Found a glowing drain.
  4560 | D:6      | Reached XP level 9. HP: 61/78 MP: 9/9
  5097 | D:7      | Reached skill level 5 in Maces & Flails
  5257 | D:7      | Found a white marble altar of Elyvilon.
  5258 | D:7      | Found an ancient bone altar of Kikubaaqudgha.
  5313 | D:7      | Slain by a large slime creature

Illustrated notes

Levels and vault maps discovered:
D:1:      dpeg_arrival_arbitrary_b, layout_basic,
          shapermc_ecumenical_altar_acropolis
D:2:      layout_basic, kennysheep_generic_room_9, uniq_crazy_yiuf_cottage
D:3:      layout_basic
D:4:      nicolae_cairo_tiling_large_dashed, layout_rooms,
          minmay_temple_entry_mist, kennysheep_decorative_pillar,
          grunt_ministairs_2, uniq_blork_the_orc, uniq_ijyb
D:5:      layout_gridville, due_unseen_surprise
D:6:      layout_loops_cross, portal_sewer_entry_a
D:7:      layout_basic, mainiacjoe_overflow_catwalk_spiral,
          kennysheep_cross_bottleneck, nrook_loot_triangle, serial_bayou_pond_d,
          kennysheep_generic_room_15

Skill      XL: |  1  2  3  4  5  6  7  8  9 |
---------------+----------------------------+-----
Stealth        | 1 2 3 4 5 |  5.7
Dodging        | 3 4 5 |  5.6
Fighting       | 4 5 6 |  6.8
Staves         | 1 2 |  2.1
Maces & Flails | 2 4 5 |  5.2
Throwing       | 3 |  3.2
Evocations     | 2 |  2.9
Short Blades   | |  0.9
Long Blades    | |  3.0

Action                   |  1- 3 |  4- 6 |  7- 9 || total
-------------------------+-------+-------+-------++-------
Melee: Falchion          |    94 |    28 |       ||   122
       Tailslap          |    13 |    20 |    38 ||    71
       Short sword       |       |    19 |       ||    19
       Quarterstaff      |       |    39 |       ||    39
       Mace              |       |    98 |   243 ||   341
       Punch             |       |     1 |     2 ||     3
Throw: Dart              |     8 |       |     6 ||    14
       Javelin           |       |     1 |       ||     1
Invok: Berserk           |       |     2 |       ||     2
       Trog's Hand       |       |     1 |       ||     1
 Abil: Breathe Noxious F |       |       |     2 ||     2
Evoke: Wand              |       |       |     1 ||     1
  Use: Scroll            |     3 |     7 |     5 ||    15
       Potion            |     1 |     1 |     6 ||     8
 Stab: Sleeping          |     3 |     9 |     4 ||    16
Armor: Skin              |    40 |   140 |   191 ||   371
Dodge: Dodged            |    95 |   196 |   262 ||   553
